 Dungeon Crawl Stone Soup version 0.21-a0-140-g479285b (webtiles) character file.

343 Manul the Sneak (level 6, 0/32 HPs)
             Began as a Spriggan Abyssal Knight on July 21, 2017.
             Was a Follower of Lugonu.
             Succumbed to a worker ant's poison
             ... on level 6 of the Dungeon.
             The game lasted 00:04:42 (4004 turns).

Manul the Sneak (Spriggan Abyssal Knight)           Turns: 4004, Time: 00:04:42

Health: 0/32       AC:  3    Str:  7 (8)  XL:     6   Next: 31%
Magic:  7/7        EV: 22    Int: 12 (14) God:    Lugonu [*.....]
Gold:   131        SH:  4    Dex: 22      Spells: 5/5 levels left

rFire    + . .     SeeInvis +   q - +2 dagger (protect)
rCold    + . .     Gourm    .   (shield restricted)
rNeg     . . .     Faith    .   h - +1 robe {rC+ rF+}
rPois    .         Spirit   .   (helmet restricted)
rElec    .         Reflect  .   (no cloak)
rCorr    .         Harm     .   (gloves unavailable)
MR       +....                  (boots unavailable)
Stlth    ++++......             (no amulet)
HPRegen  0.10/turn              d - +5 ring of dexterity
MPRegen  0.10/turn              j - ring of stealth

@: lethally poisoned (0 -> -1), very quick
A: unfitting armour, large bone plates 1, see invisible, herbivore 3, speed 3,
low mp 1, slow metabolism 2
a: Depart the Abyss, Renounce Religion


You were on level 6 of the Dungeon.
You worshipped Lugonu.
Lugonu was aware of your devotion.
You were hungry.

You visited 1 branch of the dungeon, and saw 4 of its levels.
You visited the Abyss 1 time.

You collected 131 gold pieces.

Inventory:

Hand Weapons
 a - a +1 short sword
 q - a +2 dagger of protection (weapon)
Armour
 b - a +0 robe
 h - a +1 robe of resistance (worn)
Jewellery
 d - a +5 ring of dexterity (left hand)
 j - a ring of stealth (right hand)
Wands
 n - a wand of confusion (34/48)
 v - a wand of acid (2/15)
Scrolls
 e - 2 scrolls of remove curse {unknown}
 f - a scroll of amnesia {unknown}
 g - a scroll of fear {unknown}
 k - 2 scrolls of identify
 l - a scroll of enchant armour {unknown}
 m - a scroll of fog {unknown}
 p - a scroll of recharging
 u - 2 scrolls of immolation {unknown}
Potions
 o - a potion of brilliance
 t - a potion of degeneration
Comestibles
 c - 4 bread rations
 i - a royal jelly


   Skills:
 + Level 3.4 Fighting
 + Level 4.4 Short Blades
 + Level 5.1 Dodging
 * Level 5.1 Stealth
 + Level 2.1 Invocations


You had 5 spell levels left.
You didn't know any spells.

Dungeon Overview and Level Annotations

Branches:
Dungeon (3/15)

Altars:
Hepliaklqana
Kikubaaqudgha
Nemelex Xobeh
Sif Muna
Vehumet


Innate Abilities, Weirdness & Mutations

You are very small and have problems with some larger weapons.
You are too small for most types of armour.
You have supernaturally acute eyesight. (SInv)
You are a herbivore.
You cover ground extremely quickly.
You need consume almost no food.
You are partially covered in large bone plates. (SH +4)
Your magical capacity is low. (-10% MP)


Message History

You feel sick.
Found a sparkling altar of Nemelex Xobeh.
There is a fountain of clear blue water here.
You can't go down here!
Unknown command.
There is a lethal amount of poison in your body!
* * * LOW HITPOINT WARNING * * *
You feel sick.
* * * LOW HITPOINT WARNING * * *
You feel sick.
* * * LOW HITPOINT WARNING * * *
You feel sick.
You open the door.
There is an open door here.
* * * LOW HITPOINT WARNING * * *
You feel sick.
Found 3 exploding tomahawks.
You open the door.
Unknown command.
You die...

......#############..###..#.
......######.#8#_#..........
......##.#.#.#.#.8..........
......#...................+.
......##....................
......#⌠.#.#.#.#.8#'#######.
########_#########...#
###########...#
.......@....#
...(........'......
###############+#######.....
..............# ....
..............# ...
..............# ..
......$.......# .
..............#
#########'#####


There were no monsters in sight!

Vanquished Creatures
  Sigmund (D:2)
  An orc wizard (D:3)
  Jessica (D:2)
  An iguana (D:6)
  A worker ant (D:6)
  A gnoll (D:1)
  2 adders
  A worm (D:3)
  A dart slug (D:2)
  5 leopard geckos
  3 orcs (D:3)
  A ball python (D:3)
  6 goblins
  5 hobgoblins
  6 kobolds
  5 bats
  A frilled lizard (D:1)
  A quokka zombie (D:3)
  6 rats
49 creatures vanquished.

Notes
Turn   | Place    | Note
-------+----------+-------------------------------------------
     0 | Abyss:1  | Manul the Spriggan Abyssal Knight began the quest for the Orb.
     0 | Abyss:1  | Reached XP level 1. HP: 11/11 MP: 3/3
    67 | Abyss:2  | Noticed an iron imp
   140 | Abyss:2  | Noticed a tormentor
   141 | Abyss:2  | Noticed a balrug
   142 | D:1      | Escaped the Abyss
   662 | D:1      | Reached XP level 2. HP: 16/16 MP: 4/4
   800 | D:1      | Reached * piety under Lugonu
  1127 | D:1      | Reached XP level 3. HP: 7/19 MP: 5/5
  1730 | D:2      | Noticed Jessica
  1745 | D:2      | Killed Jessica
  1745 | D:2      | Reached XP level 4. HP: 4/24 MP: 6/6
  2304 | D:2      | Noticed Sigmund
  2329 | D:3      | Found a hazy altar of Hepliaklqana.
  2344 | D:3      | Reached skill level 1 in Stealth
  2576 | D:3      | Found a radiant altar of Vehumet.
  2626 | D:3      | Found an ancient bone altar of Kikubaaqudgha.
  2900 | D:2      | Gained mutation: You are partially covered in large bone plates. (SH +4) [potion of mutation]
  2900 | D:2      | Gained mutation: Your magical capacity is low. (-10% MP) [potion of mutation]
  2916 | D:2      | Killed Sigmund
  2916 | D:2      | Reached XP level 5. HP: 13/28 MP: 6/6
  2916 | D:2      | Reached XP level 6. HP: 15/32 MP: 7/7
  3707 | D:3      | You fall through a shaft for 3 floors!
  3821 | D:6      | Reached skill level 5 in Stealth
  3925 | D:6      | Found a deep blue altar of Sif Muna.
  3961 | D:6      | Reached skill level 5 in Dodging
  3975 | D:6      | Found a sparkling altar of Nemelex Xobeh.
  3992 | D:6      | HP: 1/32 [poisoned by a worker ant]
  3998 | D:6      | HP: 1/32 [poisoned by a worker ant]
  4004 | D:6      | Succumbed to a worker ant's poison

Vault maps used:
D:1:      co_arrival_square_in_a_square_in_a_square, minmay_bisected
D:2:      serial_glass, glass_columns_b, glass_columns_c, uniq_sigmund,
          uniq_jessica
D:3:      nicolae_overflow_crystal_walls, overflow_temple_1_default,
          vehumet_crystals, first_bread
D:6:      elyvilon_altar_5, overflow_temple_1_default,
          nicolae_qazlal_general_emergency, minitemple,
          nicolae_ossuary_entry_catacombs, minmay_misc_feat_secret_circle,
          corner_web_ring, uniq_blork_the_orc, uniq_menkaure

Skill      XL: |  1  2  3  4  5  6 |
---------------+-------------------+-----
Invocations    | 2 |  2.1
Dodging        | 4 5 |  5.1
Fighting       | 3 |  3.4
Short Blades   | 3 4 |  4.4
Stealth        | 4 5 |  5.1

Action                   |  1- 3 |  4- 6 || total
-------------------------+-------+-------++-------
Melee: Short sword       |   112 |    37 ||   149
       Dagger            |       |    95 ||    95
Invok: Depart the Abyss  |     1 |       ||     1
Evoke: Wand              |       |     2 ||     2
  Use: Scroll            |     1 |     3 ||     4
       Potion            |       |     6 ||     6
 Stab: Sleeping          |     2 |     5 ||     7
       Invisible         |       |     5 ||     5
       Distracted        |       |     1 ||     1
Armor: Robe              |    10 |     5 ||    15
Dodge: Dodged            |    93 |    72 ||   165
Block: Other             |       |    10 ||    10
